 Dungeon Crawl Stone Soup version 0.16-a0-328-gfd822c7 (webtiles) character file.

102 Ratboiler the Insei (level 4, -9/28 HPs)
             Began as an Octopode Transmuter on Sept 6, 2014.
             Mangled by an ogre
             ... wielding a +0 giant spiked club
              (16 damage)
             ... on Level 6 of the Dungeon.
             The game lasted 00:11:00 (2799 turns).

Ratboiler the Insei (Octopode Transmuter)           Turns: 2799, Time: 00:11:02

HP  -9/28        AC  1     Str  9      XL: 4   Next: 78%
MP   4/7         EV 16     Int 15      God:
Gold 145         SH  0     Dex 18      Spells:  3 memorised,  1 level left

rFire  . . .     SeeInvis .       - Unarmed
rCold  + . .     Clarity  .     (no shield)
rNeg   . . .     rCorr    .     (helmet restricted)
rPois  .         rRot     .     (no amulet)
rElec  .         Spirit   .     a - cursed ring of teleportation
SustAb .         Warding  .     m - cursed -2 ring of evasion
rMut   .         Rnd*Tele +     j - ring of protection from cold
Gourm  .                        (no ring)
MR     .....                    (no ring)
                                (no ring)
                                (no ring)
                                (no ring)

@: agile, about to teleport, very slightly contaminated, not resistant to
hostile enchantments, fairly stealthy
A: almost no armour, amphibious, 8 rings, constrict 8, camouflage 1, gelatinous
body 1
a: Evoke Teleportation


You were on level 6 of the Dungeon.
You were not hungry.

You visited 1 branch of the dungeon, and saw 6 of its levels.

You collected 145 gold pieces.

Inventory:

Hand weapons
 n - a +0 blowgun
Missiles
 b - 11 arrows
 e - 39 stones (quivered)
 i - 21 arrows of flame
 t - a throwing net
Comestibles
 f - 2 bread rations
 o - a slice of pizza
 q - a rotting chunk of adder flesh
 u - a chunk of orc flesh
 x - a chunk of giant cockroach flesh
Scrolls
 c - 2 scrolls of magic mapping
 g - a scroll of random uselessness
 s - 2 scrolls of immolation
Jewellery
 a - a cursed ring of teleportation (left tentacle)
 j - a ring of protection from cold (on tentacle)
 m - a cursed -2 ring of evasion (right tentacle)
Potions
 h - a potion of haste
 v - 2 potions of heal wounds {unknown}
Books
 d - a book of Changes

   Spells                             Type                      Level
   *Beastly Appendage                 Transmutation                1
   *Sticks to Snakes                  Transmutation                2
   *Spider Form                       Transmutation/Poison         3
   Ice Form                           Ice/Transmutation            4
   Blade Hands                        Transmutation                5
 k - a book of Spatial Translocations

   Spells                             Type                      Level
   Apportation                        Translocation                1
   Blink                              Translocation                2
   Shroud of Golubria                 Charms/Translocation         2
   Portal Projectile                  Translocation                3
   Teleport Other                     Translocation                3
   Passage of Golubria                Translocation                4


   Skills:
 - Level 1.0 Fighting
 - Level 2.0 Dodging
 + Level 5.3 Unarmed Combat
 - Level 2.0 Spellcasting
 - Level 2.0 Transmutations


You had one spell level left.
You knew the following spells:

 Your Spells              Type           Power        Failure   Level  Hunger
a - Beastly Appendage     Trmt           #.....       12%         1    #......
b - Sticks to Snakes      Trmt           #.........   14%         2    ###....
c - Spider Form           Trmt/Pois      #.........   43%         3    ####...


Dungeon Overview and Level Annotations

Branches:
Dungeon (6/15)
 Temple: D:4-7

Altars:
Makhleb

Shops:
D:4 }

Annotations:
D:3 Zurvan's ghost, average DECj
D:6 Blork the orc


Innate Abilities, Weirdness & Mutations

You cannot wear most types of armour.
You are amphibious.
You can wear up to eight rings at the same time.
You can use your tentacles to constrict many enemies at once.
Your skin changes colour to match your surroundings (Stealth).
Your rubbery body absorbs attacks (AC +1).


Message History

A bat comes into view.
Found an escape hatch in the floor.
You see here a scroll of identify.
Drink which item? (? for menu, Esc to quit)
You feel agile all of a sudden. The bat hits you. x2
The ogre hits you with a giant spiked club!!
Ouch! That really hurt!
* * * LOW HITPOINT WARNING * * *
Read which item? (? for menu, Esc to quit)
As you read the scroll of teleportation, it crumbles to dust.
You feel strangely unstable. The bat closely misses you.
Casting: Beastly Appendage
Confirm with . or Enter, or press ? or * to list all spells.
You miscast Spider Form.
You are very lightly contaminated with residual magic.
Your skin tingles.
The bat misses you.
The ogre hits you with a giant spiked club!
Ouch! That really hurt!
You die...

*** *,<,,**,#*,*,*,*,*,*,*,*,*
,,******,**,,..>*,,,,,,,,,,,,*,*,
,,,,,,,,,*****..***,*,*,*,,,*,*,*
*,,,**,,,,****..##*,,,,,,,,,,,,*,
***,***,*,,,,,,..#,,,,*,*,,,,,*,*
,,,,,,,,,,,,,,,...,,,,,,,,,,,,,,,
*****,,,****,**#b#,,,,,,*,,,,,,,*
*,,,,* *,* #<#*,,,>,,,,,,,,,,
****,**,** *,* #@#*******,*,*,*,*
,,,,,**,,* *,* #O# *,,,,,,,,
,*******,***** #.# **,,*,*,* ,*
***,,,*##.##*####**,,,,,,, ,*
*,,,,,#...#.....#,,,,,*,* ,***
*,,>,,+..........,***,,,, ,,,*
*,,,,,#..........,****,,* **,*
##*,,,##.....(..).,,,,,,,,
*,****#.#####?.........,,****,,,


You could see an ogre and a bat.

Vanquished Creatures
  2 adders (D:2)
  A giant gecko (D:1)
  An ooze (D:3)
  5 orcs (D:4)
  4 ball pythons
  4 bats (D:1)
  5 giant cockroaches
  10 hobgoblins
  6 jackals (D:1)
  A quokka (D:2)
  9 giant newts
  10 goblins
  9 kobolds
  7 rats
74 creatures vanquished.

Notes
Turn   | Place    | Note
--------------------------------------------------------------
     0 | D:1      | Ratboiler, the Octopode Transmuter, began the quest for the Orb.
     0 | D:1      | Reached XP level 1. HP: 13/13 MP: 3/3
   588 | D:1      | Reached XP level 2. HP: 16/18 MP: 4/4
   592 | D:1      | Learned a level 2 spell: Sticks to Snakes
   784 | D:1      | Reached skill level 4 in Unarmed Combat
   918 | D:1      | Reached XP level 3. HP: 20/23 MP: 6/6
   953 | D:1      | Learned a level 3 spell: Spider Form
  1765 | D:2      | Reached XP level 4. HP: 23/28 MP: 0/7
  1973 | D:3      | Noticed Zurvan's ghost (average DECj)
  2344 | D:2      | Reached skill level 5 in Unarmed Combat
  2537 | D:3      | Found a burning altar of Makhleb.
  2618 | D:4      | Found Voubeawn's Gadget Shoppe.
  2692 | D:5      | Entered Level 5 of the Dungeon
  2717 | D:6      | Noticed Blork the orc
  2784 | D:6      | Noticed an ogre
  2799 | D:6      | Mangled by an ogre

Action                   |  1- 3 |  4- 6 || total
-------------------------+-------+-------++-------
Melee: Unarmed           |    89 |    57 ||   146
 Cast: Beastly Appendage |     9 |     5 ||    14
       Sticks to Snakes  |     1 |       ||     1
       Spider Form       |       |     2 ||     2
  Use: Scroll            |       |    13 ||    13
       Potion            |       |     1 ||     1
 Stab: Sleeping          |     3 |       ||     3
  Eat: Chunk             |     2 |       ||     2
       Bread ration      |       |     1 ||     1
